 Dungeon Crawl Stone Soup version 0.26-a0-683-g5206c1d7ac (webtiles) character file.

Game seed: 2530439333182781605

494 grandjackal the Chopper (level 7, -2/63 HPs)
             Began as a Hill Orc Monk on Oct 22, 2020.
             Slain by an orc warrior
             ... wielding a +0 glaive
              (22 damage)
             ... on level 4 of the Dungeon.
             The game lasted 00:03:46 (3141 turns).

grandjackal the Chopper (Hill Orc Monk)             Turns: 3141, Time: 00:03:47

Health: -2/63      AC:  8    Str: 14    XL:     7   Next: 15%
Magic:  7/7        EV: 10    Int: 12    God:
Gold:   197        SH:  0    Dex: 13    Spells: 6/6 levels left

rFire    . . .     SeeInvis .   o - +0 war axe
rCold    + . .     Faith    .   (no shield)
rNeg     . . .     Spirit   .   n - +0 scale mail {rC+}
rPois    .         Reflect  +   (no helmet)
rElec    .         Harm     .   (no cloak)
rCorr    .         Rampage  .   (no gloves)
MR       .....                  f - +0 pair of boots
Stlth    ..........             g - amulet of reflection
HPRegen  0.20/turn              (no ring)
MPRegen  0.10/turn              (no ring)

@: confused
A: no striking features
a: Convert to Beogh


You were on level 4 of the Dungeon.
You visited 1 branch of the dungeon, and saw 4 of its levels.

You collected 197 gold pieces.

Inventory:

Hand Weapons
 m - a +0 flail
 o - a +0 war axe (weapon)
Missiles
 c - 34 poisoned darts (quivered)
Armour
 f - a +0 pair of boots (worn)
 n - a +0 scale mail of cold resistance (worn)
Jewellery
 g - an amulet of reflection (around neck)
Wands
 p - a wand of flame (15)
Scrolls
 a - a scroll of enchant weapon {unknown}
 d - 2 scrolls of identify
 e - 3 scrolls of remove curse {unknown}
 j - a scroll of noise {unknown}
 k - a scroll of fear {unknown}
 l - a scroll of fog {unknown}
Potions
 b - a potion of degeneration
 h - a potion of might {unknown}
 i - a potion of curing


   Skills:
 + Level 6.1 Fighting
 + Level 6.8 Axes
 + Level 4.2 Armour
 - Level 2.4 Dodging
 - Level 1.5 Stealth


You had 6 spell levels left.
You didn't know any spells.
Your spell library was empty.

Dungeon Overview and Level Annotations

Branches:
Dungeon (4/15)
 Temple: D:4-7

Altars:
Vehumet
Wu Jian


Message History

The orc priest hits you but does no damage.
Unknown command.
Unknown command.
The leopard gecko bites you but does no damage.
The orc warrior hits you from afar with a +0 glaive!
* * * LOW HITPOINT WARNING * * *
The giant cockroach bites you but does no damage.
The leopard gecko misses you.
In your confused state, you trip and fall back down the stairs.
* * * LOW HITPOINT WARNING * * *
The giant cockroach bites you but does no damage.
The orc priest hits you but does no damage.
The orc warrior misses you.
The leopard gecko bites you but does no damage.
The giant cockroach bites you but does no damage.
Unknown command.
Unknown command.
The orc priest hits you with a +0 mace. The leopard gecko closely misses you.
The orc warrior hits you from afar with a +0 glaive!!
You die...

......
..... .
....#### .#
......##...
.o.......#
oo....##.
#oB......
#@l#
#........
##.......
......#
...#...
...# .#
#..# . ...


You could see an orc warrior, an orc priest, an orc wizard, an orc, a leopard
gecko and a giant cockroach.

Vanquished Creatures
  Sigmund (D:3)
  An ice beast (D:3)
  2 orc wizards (D:3)
  Terence (D:3)
  5 adders
  A worm (D:3)
  4 dart slugs
  4 leopard geckos
  10 orcs (D:3)
  3 giant cockroaches
  6 goblins
  10 hobgoblins
  10 jackals (D:1)
  A quokka (D:2)
  5 ball pythons
  7 bats
  8 frilled lizards
  9 kobolds
  8 rats
96 creatures vanquished.

Vanquished Creatures (others)
  2 fungi (D:3)
2 creatures vanquished.

Grand Total: 98 creatures vanquished

Notes
Turn   | Place    | Note
-------+----------+-------------------------------------------
     0 | D:1      | grandjackal the Hill Orc Monk began the quest for the Orb.
     0 | D:1      | Reached XP level 1. HP: 19/19 MP: 1/1
   113 | D:1      | Reached XP level 2. HP: 25/27 MP: 2/2
   233 | D:1      | Reached skill level 1 in Armour
   495 | D:1      | Reached XP level 3. HP: 29/33 MP: 3/3
  1250 | D:1      | Reached XP level 4. HP: 26/41 MP: 4/4
  1385 | D:1      | Reached skill level 5 in Axes
  1924 | D:2      | Found an ornate altar of the Wu Jian Council.
  2168 | D:3      | Reached XP level 5. HP: 41/47 MP: 5/5
  2266 | D:3      | Noticed an ice beast
  2277 | D:3      | Killed an ice beast
  2277 | D:3      | Reached skill level 5 in Fighting
  2423 | D:3      | Reached XP level 6. HP: 48/56 MP: 6/6
  2653 | D:3      | Noticed Terence
  2662 | D:3      | Killed Terence
  2665 | D:3      | Noticed Sigmund
  2733 | D:3      | Killed Sigmund
  2733 | D:3      | Reached XP level 7. HP: 34/63 MP: 7/7
  2923 | D:3      | Found a radiant altar of Vehumet.
  2979 | D:3      | Found a faded altar of an unknown god.
  3141 | D:4      | Slain by an orc warrior

Illustrated notes

Levels and vault maps discovered:
D:1:      minmay_arrival_five_plusses, layout_basic, serial_forest,
          infiniplex_forest_straight_2, infiniplex_forest_straight_2,
          infiniplex_forest_straight_4, infiniplex_forest_zigzag_1,
          infiniplex_forest_lined_corner, infiniplex_forest_lined_room_2,
          infiniplex_forest_lined_1
D:2:      minmay_chambers_of_ones, layout_rooms, marbit_many_paths
D:3:      kb_forest_paths, layout_basic, lemuel_doored_altar,
          old_standard_altar, chequers_ecumenical_altar_simple,
          uniq_crazy_yiuf_cottage, uniq_sigmund, uniq_terence
D:4:      layout_cave_pools, kennysheep_mini, serial_shops,
          nicolae_shop_waterfront, st_stairs_10, uniq_blork_the_orc

Skill      XL: |  1  2  3  4  5  6 |
---------------+-------------------+-----
Fighting       | 4 5 6 |  6.1
Armour         | 1 2 3 4 |  4.2
Axes           | 5 6 |  6.8
Dodging        | |  2.4
Stealth        | |  1.5

Action                   |  1- 3 |  4- 6 |  7- 9 || total
-------------------------+-------+-------+-------++-------
Melee: Hand axe          |   122 |    69 |       ||   191
       War axe           |       |    95 |    15 ||   110
  Use: Potion            |       |       |     2 ||     2
       Scroll            |       |       |     1 ||     1
 Stab: Sleeping          |     5 |     3 |       ||     8
Armor: Robe              |    28 |    12 |       ||    40
       Scale mail        |       |    33 |    14 ||    47
Dodge: Dodged            |    86 |    76 |    24 ||   186
Block: Other             |    15 |    45 |     5 ||    65

Table legend: (Time is in decaauts)
 A = Elapsed time spent in this place.
 B = Non-inter-level travel time spent in this place.
 C = Inter-level travel time spent in this place.
 D = Time resting spent in this place.
 E = Time spent auto-exploring this place.
 F = Levels seen in this place.
 G = Mean time per level.
                   A        B        C        D        E       F      G
               +--------+--------+--------+--------+--------+-----+--------+
         Total |   3178 |   3153 |     25 |    725 |   1690 |   4 |  794.5 |
       Dungeon |   3178 |   3153 |     25 |    725 |   1690 |   4 |  794.5 |
               +--------+--------+--------+--------+--------+-----+--------+

Top non-repeatable levels by time:
     D:1: 1536 daAuts
     D:3: 1038 daAuts
     D:2: 593 daAuts
     D:4: 9 daAuts
